 Dungeon Crawl Stone Soup version 0.22.1-5-g62c59d919a (webtiles) character file.

10973 Gunterle the Destroyer (level 11, -13/74 HPs)
             Began as an Octopode Conjurer on Jan 14, 2019.
             Was a Follower of Ashenzari.
             Shot with a bolt by a yaktaur (38 damage)
             ... in a volcano on Jan 15, 2019.
             The game lasted 01:24:51 (17550 turns).

Gunterle the Destroyer (Octopode Conjurer)         Turns: 17550, Time: 01:24:57

Health: -13/74     AC:  3    Str:  8    XL:     11   Next: 70%
Magic:  38/38      EV: 15    Int: 21    God:    Ashenzari [*.....]
Gold:   613        SH:  0    Dex: 12    Spells: 13/27 levels left

rFire    . . .     SeeInvis +   a - staff of power (curse)
rCold    . . .     Gourm    .   (no shield)
rNeg     . . .     Faith    .   H - +2 hat (curse)
rPois    .         Spirit   .   (no amulet)
rElec    .         Reflect  .   e - ring of resist corrosion (curse)
rCorr    +         Harm     .   D - ring of see invisible (curse)
MR       +....                  E - ring of protection from magic (curse)
Stlth    +++.......             (no ring)
HPRegen  0.22/turn              (no ring)
MPRegen  0.26/turn              (no ring)
                                (no ring)
                                (no ring)

@: no status effects
A: almost no armour, stealthy swim, amphibious, 8 rings, constrict 8, camouflage
1, gelatinous body 1
a: Curse Item, Scrying, Renounce Religion


You were in a volcano.
You worshipped Ashenzari.
Ashenzari was aware of your devotion.
You were not hungry.

You visited 3 branches of the dungeon, and saw 13 of its levels.
You also visited: Ossuary and Volcano.

You collected 613 gold pieces.

Inventory:

Hand Weapons
 w - a +2 vampiric rapier
 y - a +2 dagger of venom
 I - a +0 quarterstaff
 L - a +4 spear
 V - a +2 long sword of freezing
Missiles
 s - 241 stones (quivered)
 B - 6 javelins of penetration
Armour
 H - a cursed +2 hat (worn)
Magical Staves
 a - a cursed staff of power (weapon)
Jewellery
 e - a cursed ring of resist corrosion (left tentacle)
 h - an uncursed ring of ice
 D - a cursed ring of see invisible (right tentacle)
 E - a cursed ring of protection from magic (on tentacle)
 K - an uncursed ring of ice
Wands
 n - a wand of acid (1)
 F - a wand of flame (34)
 G - a wand of disintegration (17)
 N - a wand of paralysis (8)
Scrolls
 c - a scroll of fear
 d - 2 scrolls of identify
 g - 10 scrolls of teleportation
 p - 4 scrolls of remove curse
 q - 3 scrolls of enchant armour
 C - a scroll of amnesia
 J - 3 scrolls of enchant weapon
 P - a scroll of holy word
Potions
 i - 7 potions of curing
 m - a potion of lignification
 t - a potion of cancellation
 A - 2 potions of magic
 S - a potion of might
Comestibles
 b - 12 rations


   Skills:
 * Level 6.4 Fighting
 - Level 3.7(4.1) Short Blades
 - Level 2.5(3.5) Long Blades
 + Level 0.7 Staves
 + Level 5.0 Dodging
 - Level 2.6 Stealth
 * Level 8.7 Spellcasting
 * Level 11.7 Conjurations
 + Level 3.3 Translocations
 + Level 4.9 Evocations


You had 13 spell levels left.
You knew the following spells:

 Your Spells              Type           Power        Failure   Level  Hunger
a - Magic Dart            Conj           ####         1%          1    None
b - Searing Ray           Conj           ######       1%          2    None
c - Dazzling Spray        Conj/Hex       ####..       1%          3    None
d - Iskenderun's Mystic   Conj           ######..     1%          4    ###....
e - Force Lance           Conj/Tloc      #####...     3%          4    ###....

Your spell library contained the following spells:

 Spells                   Type           Power        Failure   Level  Hunger
 Fulminant Prism          Conj/Hex       ####......   7%          4    ###....


Dungeon Overview and Level Annotations

Branches:
Dungeon (11/15)            Temple (1/1) D:4            Lair (1/6) D:11
    Orc (0/2) D:11

Altars:
Ashenzari
Cheibriados
Dithmenos
Elyvilon
Fedhas
Gozag
Hepliaklqana
Kikubaaqudgha
Makhleb
Nemelex Xobeh
Okawaru
Qazlal
Ru
Sif Muna
Trog
Uskayaw
Vehumet
Wu Jian
Xom
Yredelemnul
Zin
The Shining One

Shops:
D:4 :


Innate Abilities, Weirdness & Mutations

You cannot wear most types of armour.
You are very stealthy in the water. (Stealth+)
You are amphibious.
You can wear up to eight rings at the same time.
You can use your tentacles to constrict eight enemies at once.
Your skin changes colour to match your surroundings (Stealth+).
Your rubbery body absorbs attacks. (AC +1, EV +1)


Message History

Okay, then.
As you read the scroll of fear, it crumbles to dust.
You assume a fearsome visage.
The yaktaur looks frightened!
You are confused.
You feel invigorated.
You feel less invigorated.
You feel less confused.
Okay, then.
As you read the scroll of fog, it crumbles to dust.
The scroll dissolves into smoke.
Your transformation is almost over.
You start resting.
The air gets thick with the scent of sulphur.
As you read the scroll of fog, it crumbles to dust.
The scroll dissolves into smoke.
You feel less wooden.
Your cursed +2 hat unmelds from your body.
The yaktaur shoots a bolt.
The bolt hits you!!!
Ouch! That really hurt!
You die...

≈≈ ≈) ≈. c# ### .# #..###.
.#§§..c.. ### ###§§..≈≈≈≈≈
≈. ##§# ##§@§.≈≈≈≈≈§≈≈≈≈.
#§§## #§§§§§§≈≈≈§≈§≈≈≈≈
##≈≈≈## ##§§§§≈≈≈≈§≈≈≈≈§
#≈§§§§## #....≈≈≈≈≈≈≈≈≈§§§
#§§§§§≈# ###....≈§≈≈§§§≈§§
#....∩#####.......≈≈≈≈§§≈≈.
##.....##..###.........§...
##..##..### #####.########
######## #####.##


You could see a yaktaur.

Vanquished Creatures
  Harold (D:8)
  A centaur warrior (Volcano)
  A two-headed ogre (D:10)
  2 ugly things (D:11)
  2 cyclopes (D:11)
  A hippogriff (D:8)
  2 wraiths
  A wyvern (D:11)
  8 yaks (D:11)
  2 hungry ghosts
  3 water moccasins
  4 ice beasts
  A phantom (D:11)
  3 sky beasts
  A black bear (D:11)
  An eye of draining (D:11)
  2 necrophages (D:10)
  3 orc warriors
  3 ogres
  9 centaurs
  A crocodile (D:9)
  6 bullfrogs
  A wyvern zombie (D:11)
  A wyvern skeleton (D:10)
  10 wights
  2 howler monkeys (D:6)
  7 crimson imps
  3 centaur zombies
  9 hounds
  4 orc priests
  4 jellies
  2 human zombies (Ossuary)
  2 centaur skeletons (D:7)
  5 orc wizards
  4 bullfrog skeletons
  4 iguanas
  7 worker ants
  A big kobold zombie (Ossuary)
  2 hound skeletons
  2 hound zombies (D:10)
  6 mummies
  3 gnolls (D:3)
  6 adders
  2 shadow imps
  2 adder zombies
  An ooze (D:3)
  3 adder skeletons
  2 worms (D:3)
  5 dart slugs
  5 leopard geckos
  17 orcs
  6 bats
  6 giant cockroaches
  5 goblins
  4 hobgoblins
  13 jackals
  8 kobolds
  7 quokkas
  7 frilled lizards
  A goblin zombie (D:7)
  A hobgoblin zombie (Ossuary)
  A jackal zombie (Ossuary)
  2 leopard gecko skeletons
  2 orc zombies (Ossuary)
  A quokka skeleton (D:6)
  A quokka zombie (D:7)
  11 rats
  2 rat zombies (Ossuary)
258 creatures vanquished.

Vanquished Creatures (others)
  2 two-headed ogres (D:9)
  A howler monkey (D:9)
  An orc wizard (D:9)
  An iguana (D:9)
  2 worker ants (D:9)
  An adder (D:9)
  An orc (D:9)
  A jackal zombie (Ossuary)
  A rat zombie (Ossuary)
11 creatures vanquished.

Grand Total: 269 creatures vanquished

Notes
Turn   | Place    | Note
-------+----------+-------------------------------------------
     0 | D:1      | Gunterle the Octopode Conjurer began the quest for the Orb.
     0 | D:1      | Reached XP level 1. HP: 11/11 MP: 3/3
   229 | D:1      | Reached XP level 2. HP: 17/17 MP: 3/5
   233 | D:1      | Learned a level 2 spell: Searing Ray
   693 | D:1      | Reached XP level 3. HP: 21/21 MP: 2/6
   703 | D:1      | Learned a level 3 spell: Dazzling Spray
   928 | D:2      | Found a shadowy altar of Dithmenos.
  1092 | D:2      | Reached skill level 5 in Conjurations
  1249 | D:2      | Reached XP level 4. HP: 22/27 MP: 3/8
  1545 | D:2      | Found an opulent altar of Gozag.
  1545 | D:2      | Found a glowing silver altar of Zin.
  1948 | D:3      | Reached XP level 5. HP: 31/31 MP: 3/9
  2600 | D:3      | Reached skill level 6 in Conjurations
  2777 | D:3      | Found an iron altar of Okawaru.
  3346 | D:3      | Reached XP level 6. HP: 36/36 MP: 7/11
  3560 | D:4      | Found a staircase to the Ecumenical Temple.
  3571 | Temple   | Entered the Ecumenical Temple
  3729 | D:4      | Found Loczajoh's Book Emporium.
  4015 | D:4      | Reached skill level 7 in Conjurations
  4020 | D:4      | Reached XP level 7. HP: 28/41 MP: 4/13
  4838 | D:5      | Entered Level 5 of the Dungeon
  4962 | D:5      | Reached skill level 8 in Conjurations
  5050 | D:5      | Reached XP level 8. HP: 26/46 MP: 7/15
  5220 | D:5      | Reached skill level 5 in Spellcasting
  6139 | D:6      | Reached skill level 9 in Conjurations
  6904 | D:7      | Learned a level 4 spell: Iskenderun's Mystic Blast
  6919 | D:7      | Found a sand-covered staircase.
  6926 | Ossuary  | Entered an ossuary
  7747 | D:7      | Reached XP level 9. HP: 9/51 MP: 5/18
  8005 | D:7      | Reached skill level 10 in Conjurations
  8587 | D:8      | Reached skill level 1 in Fighting
  8587 | D:8      | Reached skill level 1 in Short Blades
  8678 | D:8      | Noticed Harold
  9009 | D:8      | HP: 1/53 [Harold/harpoon shot (13)]
  9012 | D:8      | Killed Harold
  9012 | D:8      | Reached skill level 1 in Evocations
 10159 | D:8      | Paralysed by a wight for 6 turns
 10238 | D:8      | Found a radiant altar of Vehumet.
 10681 | D:8      | Reached XP level 10. HP: 32/63 MP: 12/20
 11217 | D:8      | Found a hazy altar of Hepliaklqana.
 11284 | D:9      | Killed a two-headed ogre
 11306 | D:9      | Found a shattered altar of Ashenzari.
 11318 | D:9      | Became a worshipper of Ashenzari the Shackled
 11333 | D:9      | Learned a level 4 spell: Force Lance
 11339 | D:9      | Killed a two-headed ogre
 11351 | D:9      | Found a bloodstained altar of Trog.
 11673 | D:9      | Found a shimmering altar of Xom.
 12219 | D:9      | Reached skill level 1 in Translocations
 12453 | D:9      | Found a sacrificial altar of Ru.
 12796 | D:10     | Entered Level 10 of the Dungeon
 13159 | D:10     | Found an opulent altar of Gozag.
 13378 | D:10     | Reached skill level 11 in Conjurations
 13875 | D:10     | Noticed a two-headed ogre
 13883 | D:10     | Killed a two-headed ogre
 13883 | D:10     | Reached skill level 5 in Fighting
 13883 | D:10     | Reached skill level 1 in Long Blades
 14203 | D:11     | Reached XP level 11. HP: 72/72 MP: 15/23
 14351 | D:11     | Reached * piety under Ashenzari
 14351 | D:11     | Noticed a cyan ugly thing
 14358 | D:11     | Killed a cyan ugly thing
 14552 | D:11     | Noticed a cyclops
 14554 | D:11     | Noticed a red ugly thing
 14558 | D:11     | Killed a cyclops
 15489 | D:11     | Found a staircase to the Lair.
 15511 | D:11     | Noticed a cyclops
 15522 | D:11     | Killed a cyclops
 15860 | D:11     | Found a staircase to the Orcish Mines.
 16450 | D:11     | HP: 3/72 [red ugly thing (19)]
 16454 | D:11     | Killed a red ugly thing
 17399 | Lair:1   | Entered Level 1 of the Lair of Beasts
 17466 | Lair:1   | Found a dark tunnel.
 17472 | Volcano  | Entered a volcano
 17516 | Volcano  | Noticed a centaur warrior
 17531 | Volcano  | Killed a centaur warrior
 17531 | Volcano  | Reached skill level 5 in Dodging
 17550 | Volcano  | Shot with a bolt by a yaktaur

Skill      XL: |  1  2  3  4  5  6  7  8  9 10 11 |
---------------+----------------------------------+-----
Conjurations   | 5 6 7 8 9 10 11 | 11.7
Spellcasting   | 3 4 6 7 8 |  8.7
Fighting       | 3 5 6 |  6.4
Short Blades   | 3 |  3.7
Evocations     | 2 4 |  4.9
Dodging        | 3 4 5 |  5.0
Translocations | 2 3 |  3.3
Long Blades    | 1 2 |  2.5
Staves         | |  0.7
Stealth        | |  2.6

Action                   |  1- 3 |  4- 6 |  7- 9 | 10-12 || total
-------------------------+-------+-------+-------+-------++-------
Melee: Club              |     3 |       |       |       ||     3
       Constrict         |     6 |    13 |    23 |     3 ||    45
       Dagger            |     3 |    26 |    68 |    15 ||   112
       Whip              |     8 |    13 |       |       ||    21
       Tentacles         |     1 |     6 |    15 |     4 ||    26
       Long sword        |       |       |       |     4 ||     4
Throw: Tomahawk          |       |       |       |     2 ||     2
 Cast: Magic Dart        |    57 |    68 |    95 |    66 ||   286
       Searing Ray       |       |    15 |    50 |    70 ||   135
       Iskenderun's Myst |       |       |       |    56 ||    56
       Force Lance       |       |       |       |     5 ||     5
Invok: Curse Item        |       |       |       |     5 ||     5
Evoke: Wand              |       |       |     6 |     6 ||    12
  Use: Scroll            |     5 |     3 |    16 |     8 ||    32
       Potion            |       |       |     6 |     5 ||    11
 Stab: Sleeping          |     3 |     1 |     2 |     1 ||     7
  Eat: Chunk             |     1 |     9 |    13 |    10 ||    33
       Ration            |       |       |     3 |     4 ||     7
Armor: Skin              |     2 |     4 |    10 |    15 ||    31
Dodge: Dodged            |     9 |    40 |   117 |    80 ||   246
       Rpst.: Long sword |       |       |       |     7 ||     7
